AoeStats
← TmZ_ASAK

Arabia

508967160Analyzed
1v1 RM · 8d ago on Sep 24, 2026· 29m 41s· 2 players
Game mode
Random Map
Map size
Tiny (2 player)
Population
200
Speed
Normal
Resources
Standard
Victory
Conquest
Starting age
Dark Age
Ending age
Imperial Age
RankedLock teamsTeams togetherTeam positionsShared explorationLock speedFull tech treeHidden civsTurbo modeCheats
Victory
Defeat
🇦🇷 Persians · Argentina
1312
+15
🇧🇷 Japanese · Brazil
1295
-15
TmZ_ASAK
6:16 Loom
12:59 Feudal Age
13:28 Double-Bit Axe
13:24 Man-at-Arms
18:58 Horse Collar
21:48 Castle Age
20:43 Fletching
24:20 Bodkin Arrow
28:29 Padded Archer Armor
PNAL | El Chill de Cojones
6:07 Loom
8:38 Feudal Age
9:08 Double-Bit Axe
12:43 Fletching
19:39 Castle Age
17:44 Gold Mining
17:34 Horse Collar
20:12 Bloodlines
22:52 Bodkin Arrow
24:41 Padded Archer Armor
25:27 Ballistics
26:22 Leather Archer Armor
27:29 Parthian Tactics
27:24 Thumb Ring
Connection lost

Rejoining the realm…

Still unreachable

The connection could not be restored.

Session expired

The server has moved on; the page needs a fresh start.